 Dungeon Crawl Stone Soup version 0.29-a0-284-gf9362112df (webtiles) character file.

Game seed: 2021004670746988973

29 enile the Magician (level 3, -4/19 HPs)
             Began as a Deep Elf Ice Elementalist on Mar 22, 2022.
             Was a Follower of Qazlal.
             Slain by Crazy Yiuf
             ... wielding a +4 quarterstaff of chaos
              (17 damage)
             ... on level 2 of the Dungeon.
             The game lasted 00:02:04 (2156 turns).

enile the Magician (Deep Elf Ice Elementalist)      Turns: 2156, Time: 00:02:04

Health: -4/19      AC:  2    Str:  5    XL:     3   Next: 1%
Magic:  0/3        EV: 18    Int: 21    God:    Qazlal [*.....]
Gold:   98         SH:  2    Dex: 18    Spells: 7/11 levels left

rFire   . . .      SeeInvis .   m - +6 mace "Rudded" {antimagic, rElec rC- Dex+3}
rCold   x . .      Faith    .   (no shield)
rNeg    . . .      Spirit   +   a - +0 robe
rPois   .          Reflect  .   (no helmet)
rElec   +          Harm     .   (no cloak)
rCorr   .          Rampage  .   (no gloves)
Will    .....                   (no boots)
Stlth   ++........              l - amulet of guardian spirit
HPRegen 0.06/turn               (no ring)
MPRegen 0.08/turn               (no ring)

@: agile
A: no striking features
a: Renounce Religion


You were on level 2 of the Dungeon.
You worshipped Qazlal.
Qazlal was aware of your devotion.
You visited 1 branch of the dungeon, and saw 2 of its levels.

You collected 98 gold pieces.

Inventory:

Hand Weapons
 c - a +1 dagger of draining
 m - the +6 mace "Rudded" (weapon) {antimagic, rElec rC- Dex+3}
   (You found it on level 2 of the Dungeon)

   It reduces the magical energy of the wielder, and disrupts the spells and
   magical abilities of those it strikes.
   Natural abilities and divine invocations are not affected.
   Dex:       It affects your dexterity (+3).
   rC:        It makes you vulnerable to cold.
   rElec:     It insulates you from electricity.
 n - a +3 vorpal mace
Armour
 a - a +0 robe (worn)
Jewellery
 l - an amulet of guardian spirit (around neck)
Scrolls
 d - 3 scrolls of teleportation
 f - 4 scrolls of identify {unknown}
 i - a scroll of blinking {unknown}
 j - a scroll of fear {unknown}
 k - a scroll of enchant armour {unknown}
Potions
 b - a potion of magic
 e - 2 potions of curing {unknown}
 g - a potion of lignification {unknown}
 h - a potion of mutation {unknown}


   Skills:
 - Level 2.4 Dodging
 - Level 2.4 Stealth
 + Level 4.9 Spellcasting
 - Level 4.3 Ice Magic


You had 7 spell levels left.
You knew the following spells:

 Your Spells              Type           Power      Damage    Failure   Level
a - Freeze                Ice            92%        1d10      1%          1
b - Frozen Ramparts       Ice            46%        1d6       5%          3

Your spell library contained the following spells:

 Spells                   Type           Power      Damage    Failure   Level
 Ozocubu's Armour         Ice            23%        N/A       5%          3
 Sublimation of Blood     Necr           5%         N/A       17%         2
 Wereblood                Tmut           5%         N/A       17%         2
 Hailstorm                Conj/Ice       14%        3d5       41%         4
 Summon Hydra             Summ           2%         N/A       100%        7


Dungeon Overview and Level Annotations

Branches:
Dungeon (2/15)

Altars:
Qazlal

Annotations:
D:2 Crazy Yiuf


Message History

There is an open translucent door here.
You see here a +0 mace.
You see here a +3 vorpal mace.
n - a +3 vorpal mace You see here a +0 mace.
You see here a +0 mace.
What are your orders? t - Shout!
Orders for allies: a - Attack new target. r - Retreat! s - Stop attacking. g - Guard the area. f - Follow me.
Anything else - Cancel.
You shout for attention!
What are your orders? t - Shout!
Orders for allies: a - Attack new target. r - Retreat! s - Stop attacking. g - Guard the area. f - Follow me.
Anything else - Cancel.
You shout for attention!
You see here a +0 morningstar.
Crazy Yiuf shouts!
Crazy Yiuf waves his quarterstaff at you.
Crazy Yiuf says, "Key action pizzabubble!"
You aren't carrying any items that you can evoke.
You aren't carrying any items that you can evoke.
Crazy Yiuf says, "Adder wrapper turtle!"
Crazy Yiuf says, "Ghoul shoe sallow!"
Okay, then.
Crazy Yiuf cries, "Spliff tea toodlewoodle!"
Crazy Yiuf says, "Earwax!
Mugger seventy cloud."
Crazy Yiuf says, "Orb tortoise water!"
Crazy Yiuf attacks as you move away!
Crazy Yiuf hits you with a +4 quarterstaff of chaos!
You feel agile all of a sudden.
You closely miss Crazy Yiuf. Crazy Yiuf closely misses you.
You barely miss Crazy Yiuf. Crazy Yiuf closely misses you.
Crazy Yiuf hits you with a +4 quarterstaff of chaos!!
Ouch! That really hurt!
You die...

#..............####..#....).#
#...........................##
#..............####.#.........
#..............# #...........
#..............# #...........
#.............## ##...........
####.#..........## ##............
........#####.######............#
######[)# #...@g.............##
#..# ####..##..#.......... ####
#.#########..>..##.......... ...#
#............#.###.......... ##.#
#.#..........### #.........# #.#
#............#####..........
##'###...........................
.....'.#...............♣P........
##'###.#...<......##..P♣♣P...#...


You could see Crazy Yiuf.

Vanquished Creatures
  A worm (D:2)
  A dart slug (D:2)
  3 bats
  An endoplasm (D:2)
  A giant cockroach (D:1)
  2 goblins (D:1)
  2 hobgoblins
  A jackal (D:2)
  2 quokkas (D:1)
  2 ball pythons
  2 frilled lizards (D:1)
  A kobold (D:2)
  5 rats
24 creatures vanquished.

Vanquished Creatures (others)
  A plant (D:2)
1 creature vanquished.

Grand Total: 25 creatures vanquished

Notes
Turn   | Place    | Note
-------+----------+-------------------------------------------
     0 | D:1      | enile the Deep Elf Ice Elementalist began the quest for the
                  | Orb.
     0 | D:1      | Reached XP level 1. HP: 10/10 MP: 6/6
   208 | D:1      | Found a faded altar of an unknown god.
   486 | D:1      | Reached XP level 2. HP: 12/15 MP: 6/9
  1031 | D:1      | Prayed at the altar of an unknown god.
  1031 | D:1      | Became a worshipper of Qazlal Stormbringer
  1031 | D:1      | Reached * piety under Qazlal
  1520 | D:2      | Reached XP level 3. HP: 19/19 MP: 7/11
  1837 | D:2      | Found a runed translucent door.
  1838 | D:2      | Identified the +6 mace "Rudded" {antimagic, rElec rC-
                  | Dex+3}
  1838 | D:2      | Noticed Crazy Yiuf
  1915 | D:2      | Learned a level 3 spell: Frozen Ramparts
  2156 | D:2      | Slain by Crazy Yiuf

Illustrated notes

Levels and vault maps discovered:
D:1:      ncdulo_halloftheorcs, layout_basic, shapermc_ecumenical_altar_gd,
          minmay_misc_feat_ornament
D:2:      layout_rooms, serial_forest, infiniplex_forest_lined_corner,
          infiniplex_forest_clump_medium, infiniplex_forest_end_2,
          infiniplex_forest_end_2, infiniplex_forest_fountain,
          infiniplex_forest_clump_double, st_stairs_4, minmay_door_square,
          uniq_crazy_yiuf_cottage

Skill      XL: |  1 |
---------------+----+-----
Spellcasting   | 4 |  4.9
Dodging        | |  2.4
Stealth        | |  2.4
Ice Magic      | |  4.3

Action                   || total
-------------------------++-------
Melee: Dagger            ||    15
       Mace              ||     2
 Cast: Freeze            ||    26
  Use: Scroll            ||     1
Armor: Robe              ||     3
Dodge: Dodged            ||    19
Block: Other             ||     1

Table legend: (Time is in decaauts)
 A = Elapsed time spent in this place.
 B = Non-inter-level travel time spent in this place.
 C = Inter-level travel time spent in this place.
 D = Time resting spent in this place.
 E = Time spent auto-exploring this place.
 F = Levels seen in this place.
 G = Mean time per level.
                   A        B        C        D        E       F      G
               +--------+--------+--------+--------+--------+-----+--------+
         Total |   2155 |   2021 |    134 |      0 |   1769 |   2 | 1077.5 |
       Dungeon |   2155 |   2021 |    134 |      0 |   1769 |   2 | 1077.5 |
               +--------+--------+--------+--------+--------+-----+--------+

Top non-repeatable levels by time:
     D:2: 1108 daAuts
     D:1: 1046 daAuts
